 Dungeon Crawl Stone Soup version 0.21-a0-417-g0adc95b (webtiles) character file.

4 trolface1997 the Grave Robber (level 1, -1/14 HPs)
             Began as a Vampire Necromancer on Nov 3, 2017.
             Slain by a jackal (3 damage)
             ... on level 1 of the Dungeon.
             The game lasted 00:02:27 (273 turns).

trolface1997 the Grave Robber (Vampire Necromancer)  Turns: 273, Time: 00:02:27

Health: -1/14      AC:  2    Str:  7    XL:     1   Next: 58%
Magic:  0/3        EV: 12    Int: 17    God:
Gold:   0          SH:  0    Dex: 14    Spells: 2/4 levels left

rFire    . . .     SeeInvis +   (no weapon)
rCold    . . .     Gourm    .   (no shield)
rNeg     + . .     Faith    .   a - +0 robe
rPois    .         Spirit   .   (no helmet)
rElec    .         Reflect  .   (no cloak)
rCorr    .         Harm     .   (no gloves)
MR       .....                  (no boots)
Stlth    ++........             (no amulet)
HPRegen  0.04/turn              (no ring)
MPRegen  0.08/turn              (no ring)

@: no status effects
A: fangs 3, see invisible, unbreathing
a: no special abilities


You were on level 1 of the Dungeon.
You were not thirsty.

You visited 1 branch of the dungeon, and saw 1 of its levels.

Inventory:

Missiles
 d - 79 stones (quivered)
Armour
 a - a +0 robe (worn)
Potions
 c - 3 potions of blood
 e - a potion of flight {unknown}
Books
 b - a book of Necromancy

   Spells                             Type                      Level
   a - Pain                           Necromancy                   1
   b - Animate Skeleton               Necromancy                   1
   c - Vampiric Draining              Necromancy                   3
   d - Regeneration                   Charms/Necromancy            3
   e - Animate Dead                   Necromancy                   4
   f - Control Undead                 Necromancy                   4


   Skills:
 + Level 0.4 Fighting
 + Level 0.3 Armour
 - Level 2.1 Dodging
 - Level 3.0 Stealth
 - Level 2.0 Spellcasting
 + Level 4.4 Necromancy


You had 2 spell levels left.
You knew the following spells:

 Your Spells              Type           Power        Failure   Level  Hunger
a - Pain                  Necr           ###.         3%          1    #......
b - Animate Skeleton      Necr           N/A          3%          1    #......


Dungeon Overview and Level Annotations

Branches:
Dungeon (1/15)

Altars:


Innate Abilities, Weirdness & Mutations

You have razor-sharp teeth.
You have supernaturally acute eyesight. (SInv)
You can survive without breathing.


Message History

Your rat skeleton barely misses the jackal.
The jackal closely misses you.
You hit the jackal.
The jackal is lightly wounded.
The bat hits you but does no damage. x2; The jackal bites you.
* * * LOW HITPOINT WARNING * * *
The jackal barely misses you.
Your rat skeleton barely misses the jackal.
You hit the jackal but do no damage.
The jackal is lightly wounded.
The bat barely misses you. The jackal bites you.
* * * LOW HITPOINT WARNING * * *
The jackal closely misses you. The jackal barely misses you.
The jackal misses you.
You hit the jackal.
The jackal is heavily wounded.
The jackal misses you. The bat misses you.
Your rat skeleton completely misses the jackal.
The jackal barely misses you. The jackal bites you.
You die...

########################
...............##......#
...........#...#..%.#...
##..h.⌠...##....##..Z#
##.h@Z.........#.#...
#hbh............#...
#...####....##..#..#.
....# ##.........#..
..⌠... #.....##.....
?..... #....#Z.#...#
.###. #...#...##..#. ##
....#...#..#.Z.
...#.......##%#


You could see 4 jackals, a bat and a friendly rat skeleton.

Vanquished Creatures
  2 goblins (D:1)
  A bat (D:1)
  A frilled lizard (D:1)
  A rat (D:1)
5 creatures vanquished.

Notes
Turn   | Place    | Note
-------+----------+-------------------------------------------
     0 | D:1      | trolface1997 the Vampire Necromancer began the quest for the Orb.
     0 | D:1      | Reached XP level 1. HP: 13/13 MP: 3/3
     3 | D:1      | Learned a level 1 spell: Animate Skeleton
   273 | D:1      | Slain by a jackal

Vault maps used:
D:1:      erik_arrival_cave_to_civilisation

Action                   || total
-------------------------++-------
Melee: Unarmed           ||     9
 Cast: Pain              ||     7
       Animate Skeleton  ||     1
Armor: Robe              ||     5
Dodge: Dodged            ||    22

Table legend:
 A = Spawn XP
 B = Non-spawn XP
 C = Spawn XP percentage of total XP
 D = Spawn monster count
 E = Non-spawn monster count
 F = Spawn count percentage of total count
 G = Total turns spent on level
                    A         B        C        D         E        F      G
               +---------+---------+-------+---------+---------+-------+---------
         Total |       0 |       7 |   0.0 |       0 |       5 |   0.0 |   273
               +---------+---------+-------+---------+---------+-------+---------
           D:1 |       0 |       7 |   0.0 |       0 |       5 |   0.0 |   273
               +---------+---------+-------+---------+---------+-------+---------
